 Dungeon Crawl Stone Soup version bcrawl-1.38.1 (webtiles) character file.

Game seed: 3742067625023075247

142593 Alturiack the Charmwright (level 5, -3/41 HPs)
             Began as a Barachi Skald on Apr 9, 2023.
             Slain by an ogre
             ... wielding a +0 giant club
              (23 damage)
             ... on level 3 of the Dungeon.
             The game lasted 00:14:54 (2235 turns).

Alturiack the Charmwright (Barachi Skald)           Turns: 2235, Time: 00:14:54

Health: -3/41      AC:  7    Str: 12    XL:     5   Next: 15%
Magic:  3/9        EV: 12    Int: 14    God:
Gold:   47         SH:  1    Dex: 12    Spells: 9/10 levels left

rFire    . . .     GDR:     25% a - +0 long sword
rCold    . . .     SeeInvis +   (no shield)
rNeg     . . .     Gourm    .   b - +0 leather armour
rPois    .         Faith    .   s - +1 helmet
rElec    .         Spirit   .   m - +0 cloak
rCorr    .         Reflect  .   n - +0 pair of gloves
MR       .....                  (no boots)
Stlth    +.........             d - amulet of magic regeneration
HPRegen  0.16/turn              r - ring of see invisible
MPRegen  0.23/turn              (no ring)

@: infused, slow
A: +LOS, swims, slowness 1, strong legs 1
a: Hop


You were on level 3 of the Dungeon.
You were not hungry.

You visited 1 branch of the dungeon, and saw 3 of its levels.

You collected 47 gold pieces.

Inventory:

Hand Weapons
 a - a +0 long sword (weapon)
Armour
 b - a +0 leather armour (worn)
 m - a +0 cloak (worn)
 n - a +0 pair of gloves (worn)
 s - a +1 helmet (worn)
Jewellery
 d - an amulet of magic regeneration (around neck)
 r - a ring of see invisible (left hand)
Scrolls
 c - a scroll of remove curse {unknown}
 f - a scroll of fear
 k - 2 scrolls of teleportation {unknown}
 q - 3 scrolls of magic mapping {unknown}
Potions
 g - 2 potions of lignification {unknown}
 h - 2 potions of might {unknown}
 j - a potion of degeneration {unknown}
 l - a potion of haste {unknown}
 p - a potion of curing {unknown}
 t - a potion of cancellation {unknown}
Comestibles
 e - 5 rations {!d}


   Skills:
 + Level 3.0 Fighting
 * Level 3.6 Long Blades
 * Level 1.4 Armour
 * Level 3.2 Dodging
 * Level 3.2 Spellcasting
 * Level 3.9 Charms


You had 9 spell levels left.
You knew the following spells:

 Your Spells              Type           Power        Failure   Level  Hunger
a - Infusion              Chrm           ##......     5%          1    None

Your spell library contained the following spells:

 Spells                   Type           Power        Failure   Level  Hunger
 Song of Slaying          Chrm           ##......     8%          2    #......
 Swiftness                Chrm/Air       #.......     19%         2    #......
 Ozocubu's Armour         Chrm/Ice       #.......     34%         3    ####...
 Regeneration             Chrm/Necr      #.........   34%         3    ####...
 Spectral Weapon          Hex/Chrm       #.......     34%         3    ####...


Dungeon Overview and Level Annotations

Branches:
Dungeon (3/12)

Altars:
Gozag
Qazlal
Sif Muna


Innate Abilities, Weirdness & Mutations

You can see and be seen from farther away.
You can swim through water.
You cover ground slowly.
You can hop short distances.


Message History

You begin infusing your attacks with magical energy.
The hobgoblin hits you.
You slash the hobgoblin!
You kill the hobgoblin!
You hit the ogre.
The ogre is lightly wounded.
The ogre hits you with a +0 giant club!
You hit the ogre.
The ogre is lightly wounded.
The ogre barely misses you.
You hit the ogre.
The ogre is moderately wounded.
The ogre hits you with a +0 giant club!
You slash the ogre!
The ogre is severely wounded.
You hit the ogre.
The ogre is almost dead.
The ogre hits you with a +0 giant club!!
Ouch! That really hurt!
You die...

.. ####. # ## #...#.## .#
#.#.#..# .# #....#.## .#
#.......# .##########
#.≈≈....##
......(...########..§≈≈...#
..).......'.....@O..≈_≈...#
..........########.§§§.≈..#
....<..)..# #..≈≈....#
.#'#'###### #........#
##.#.### ##.####..# #.#...#
.# .. #.###.# .. . #.# #.#
## #.# #.#


You could see an ogre.

Vanquished Creatures
  An iguana (D:3)
  Robin (D:2)
  An adder (D:2)
  A worm (D:2)
  6 dart slugs
  A leopard gecko (D:2)
  A bat (D:2)
  3 giant cockroaches (D:1)
  14 goblins
  9 hobgoblins
  3 quokkas
  2 frilled lizards
  7 kobolds
  23 rats
73 creatures vanquished.

Notes
Turn   | Place    | Note
-------+----------+-------------------------------------------
     0 | D:1      | Alturiack the Barachi Skald began the quest for the Orb.
     0 | D:1      | Reached XP level 1. HP: 17/17 MP: 3/3
   369 | D:1      | Reached XP level 2. HP: 21/23 MP: 5/5
   577 | D:1      | Reached XP level 3. HP: 26/28 MP: 6/6
  1167 | D:2      | Noticed Robin
  1185 | D:2      | Killed Robin
  1186 | D:2      | Reached XP level 4. HP: 26/34 MP: 8/8
  2105 | D:3      | Reached XP level 5. HP: 32/41 MP: 6/9
  2174 | D:3      | Found an opulent altar of Gozag.
  2174 | D:3      | Found a shimmering blue altar of Sif Muna.
  2212 | D:3      | Found a stormy altar of Qazlal.
  2217 | D:3      | Noticed an ogre
  2235 | D:3      | Slain by an ogre

Skill      XL: |  1  2  3  4 |
---------------+-------------+-----
Long Blades    | 3 |  3.6
Dodging        | 3 |  3.2
Spellcasting   | 3 |  3.2
Fighting       | 3 |  3.0
Armour         | |  1.4
Charms         | |  3.9

Action                   |  1- 3 |  4- 6 || total
-------------------------+-------+-------++-------
Melee: Long sword        |   104 |   120 ||   224
 Cast: Infusion          |       |     4 ||     4
  Use: Scroll            |     2 |     1 ||     3
  Eat: Chunk             |     4 |     6 ||    10
       Ration            |       |     1 ||     1
Armor: Leather armour    |    38 |    54 ||    92
Dodge: Dodged            |    84 |   112 ||   196
Block: Other             |     1 |     3 ||     4
